 Dungeon Crawl Stone Soup version 0.31-a0-844-gdc52ec4e09 (webtiles) character file.

Game seed: 7267967357876085315

171671 croobank the Opulent (level 18, -5/210 HPs)
             Began as a Gnoll Summoner on Sept 28, 2023.
             Was an Initiate of Gozag.
             Slain by a nameless horror (8 damage)
             ... created by miscasting Summon Cactus Giant
             ... on level 4 of the Snake Pit.
             The game lasted 02:55:49 (41999 turns).

croobank the Opulent (Gnoll Summoner)              Turns: 41999, Time: 02:55:49

Health: -5/210     AC: 27    Str: 10    XL:     18   Next: 1%
Magic:  1/35       EV:  8    Int: 23    God:    Gozag
Gold:   7826       SH:  8    Dex: 13    Spells: 5/43 levels left

rFire   + . .        p - +9 demon blade (heavy)
rCold   + . .        E - +1 buckler {reflect}
rNeg    . . .        S - +5 shadow dragon scales of Vott {+Inv rElec Stlth++++}
rPois   +            n - +2 hat {Int+3}
rElec   +            x - scarf {rC+ rF+}
rCorr   .            D - +2 pair of gloves
SInv    .            (no boots)
Will    ++...        v - amulet of magic regeneration Stlth
                     W - ring of willpower
HPRegen 0.55/turn    a - ring of poison resistance
MPRegen 0.64/turn

%: reflection
@: berserking (expiring), weakened, gold aura, very slightly contaminated, quick
A: fangs 1, strong nose, distributed training
a: Renounce Religion, Evoke Invisibility, Potion Petition, Call Merchant, Bribe
Branch


You were on level 4 of the Snake Pit.
You worshipped Gozag.
Gozag was greatly pleased with you.
You visited 5 branches of the dungeon, and saw 27 of its levels.
You also visited: Sewer.

You collected 11978 gold pieces.
You spent 3771 gold pieces at shops.
You paid 381 gold pieces to Gozag.

Inventory:

Hand Weapons
 h - a +5 dagger
 p - a +9 heavy demon blade (weapon)
 A - a +3 scimitar of flaming
Missiles
 g - 9 curare-tipped darts (quivered)
Armour
 i - the +3 robe of Articulation {rN+ Stlth+}
   (You found it on level 5 of the Lair of Beasts)

   rN+:       It protects you from negative energy.
   Stlth+:    It makes you more stealthy.
 n - a +2 hat of intelligence (worn)
 x - a scarf of resistance (worn)
 D - a +2 pair of gloves (worn)
 E - a +1 buckler of reflection (worn)
 H - +6 swamp dragon scales
 S - the +5 shadow dragon scales of Vott (worn) {+Inv rElec Stlth++++}
   (You bought it in a shop on level 13 of the Dungeon)

   rElec:     It insulates you from electricity.
   +Inv:      It lets you turn invisible.
   Stlth++++: It makes you much more stealthy.
Jewellery
 a - a ring of poison resistance (right hand)
 m - a ring of wizardry
 s - a ring of ice
 v - an amulet of magic regeneration (around neck)
 w - a ring of resist corrosion
 y - a +6 ring of dexterity
 J - a ring of positive energy
 M - a +5 ring of evasion
 U - a ring of positive energy
 W - a ring of willpower (left hand)
 Y - a ring of ice
Wands
 B - a wand of paralysis (12)
 C - a wand of light (17)
 G - a wand of roots (34)
 K - a wand of flame (62)
 X - a wand of mindburst (13)
Scrolls
 d - 3 scrolls of immolation
 o - 4 scrolls of blinking
 q - 4 scrolls of fear
 r - 10 scrolls of teleportation
 F - 8 scrolls of revelation
 N - 4 scrolls of fog
 R - 3 scrolls of poison
 Z - 2 scrolls of vulnerability
Potions
 b - 3 potions of magic
 c - 4 potions of lignification
 e - 7 potions of enlightenment
 f - 3 potions of heal wounds
 j - 11 potions of curing
 k - 4 potions of mutation
 l - 5 potions of attraction
 t - a potion of invisibility
 z - 6 potions of haste
 I - 2 potions of resistance
 L - 2 potions of cancellation
 O - a potion of ambrosia
 Q - 7 potions of brilliance
Miscellaneous
 P - a phial of floods (inert)
 T - a phantom mirror
 V - a sack of spiders


   Skills:
 + Level 12.3 Fighting
 + Level 12.3 Short Blades
 + Level 12.3 Long Blades
 + Level 12.3 Axes
 + Level 12.3 Maces & Flails
 + Level 12.3 Polearms
 + Level 12.3 Staves
 + Level 12.3 Ranged Weapons
 + Level 12.3 Throwing
 + Level 12.3 Armour
 + Level 13.0 Dodging
 + Level 12.9 Stealth
 + Level 12.3 Shields
 + Level 12.3 Unarmed Combat
 + Level 13.2 Spellcasting
 + Level 10.4 Conjurations
 + Level 10.4 Hexes
 + Level 12.5 Summonings
 + Level 10.4 Necromancy
 + Level 10.4 Translocations
 + Level 10.4 Transmutations
 + Level 10.4 Fire Magic
 + Level 10.4 Ice Magic
 + Level 10.4 Air Magic
 + Level 10.4 Earth Magic
 + Level 10.4 Poison Magic
 + Level 13.3 Invocations
 + Level 12.3 Evocations
 + Level 11.3 Shapeshifting


You had 5 spell levels left.
You knew the following spells:

 Your Spells              Type           Power      Damage    Failure   Level
a - Summon Small Mammal   Summ           100%       N/A       1%          1
b - Call Imp              Summ           100%       N/A       1%          2
c - Call Canine Familiar  Summ           64%        N/A       2%          3
d - Summon Guardian Gole  Hex/Summ       61%        N/A       3%          3
e - Summon Lightning Spi  Summ/Air       61%        N/A       12%         4
f - Summon Mana Viper     Hex/Summ       61%        N/A       32%         5
g - Summon Cactus Giant   Summ           32%        N/A       77%         6
h - Airstrike             Air            29%        2d(5-21)  19%         4
i - Silence               Hex/Air        29%        N/A       45%         5
j - Blink                 Tloc           100%       N/A       2%          2
k - Mephitic Cloud        Conj/Pois/Air  58%        N/A       5%          3

Your spell library contained the following spells:

 Spells                   Type           Power      Damage    Failure   Level
 Foxfire                  Conj/Fire      100%       2x1d9     1%          1
 Magic Dart               Conj           100%       1d8       1%          1
 Shock                    Conj/Air       100%       1d9       1%          1
 Slow                     Hex            100%       N/A       1%          1
 Cigotuvi's Dreadful Rot  Necr/Pois/Air  100%       N/A       2%          2
 Ensorcelled Hibernation  Hex/Ice        100%       N/A       2%          2
 Jinxbite                 Hex            100%       N/A       2%          2
 Lesser Beckoning         Tloc           100%       N/A       2%          2
 Momentum Strike          Conj/Tloc      100%       3d10      2%          2
 Searing Ray              Conj           100%       2d8       2%          2
 Sublimation of Blood     Necr           58%        N/A       2%          2
 Wereblood                Tmut           58%        N/A       2%          2
 Confusing Touch          Hex            58%        N/A       5%          3
 Dazzling Flash           Conj/Hex       100%       N/A       5%          3
 Frozen Ramparts          Ice            100%       1d16      5%          3
 Gell's Gravitas          Tloc           58%        N/A       5%          3
 Hailstorm                Conj/Ice       58%        3d13      5%          3
 Ignite Poison            Fire/Tmut/Pois 58%        N/A       5%          3
 Ozocubu's Armour         Ice            58%        N/A       5%          3
 Sigil of Binding         Hex            58%        N/A       5%          3
 Swiftness                Air            58%        N/A       5%          3
 Teleport Other           Tloc           58%        N/A       5%          3
 Tukima's Dance           Hex            58%        N/A       5%          3
 Vampiric Draining        Necr           58%        2d10      5%          3
 Animate Armour           Summ/Erth      100%       N/A       12%         4
 Summon Ice Beast         Ice/Summ       61%        N/A       12%         4
 Anguish                  Hex/Necr       29%        N/A       19%         4
 Fulminant Prism          Conj/Hex       29%        3d14      19%         4
 Passage of Golubria      Tloc           58%        N/A       19%         4
 Petrify                  Tmut/Erth      58%        N/A       19%         4
 Vhi's Electric Charge    Tloc/Air       100%       N/A       19%         4
 Summon Forest            Summ/Tloc      30%        N/A       32%         5
 Agony                    Necr           58%        N/A       45%         5
 Arcjolt                  Conj/Air       29%        1d39      45%         5
 Freezing Cloud           Conj/Ice/Air   29%        6-21      45%         5
 Irradiate                Conj/Tmut      29%        3d21      45%         5
 Lee's Rapid Deconstruct  Erth           29%        3d15*     45%         5
 Metabolic Englaciation   Hex/Ice        29%        N/A       45%         5
 Yara's Violent Unravell  Hex/Tmut       29%        3d12      45%         5
 Dispersal                Tloc           29%        N/A       96%         6
 Plasma Beam              Fire/Air       29%        2x1d41    96%         6
 Starburst                Conj/Fire      29%        6d9       96%         6
 Malign Gateway           Summ/Tloc      30%        N/A       100%        7
 Ozocubu's Refrigeration  Ice            29%        4d13      100%        7
 Summon Hydra             Summ           32%        N/A       100%        7
 Disjunction              Tloc           29%        N/A       100%        8
 Maxwell's Capacitive Co  Air            29%        ∞         100%        8
 Simulacrum               Ice/Necr       Unusable   N/A       N/A         6

Dungeon Overview and Level Annotations

Branches:
Dungeon (15/15)            Temple (0/1) D:5            Lair (5/5) D:10
 Shoals (0/4) Lair:2        Snake (4/4) Lair:3        Slime (0/5) Lair:4
    Orc (2/2) D:9             Elf (1/3) Orc:2        Vaults (0/5) D:14
 Depths (0/4) D:15          Sewer (visited)

Altars:
Cheibriados
Dithmenos
Elyvilon
Gozag
Kikubaaqudgha
Nemelex Xobeh
Okawaru
Qazlal
Ru
Sif Muna
Trog
Vehumet
Xom
Yredelemnul
Zin
The Shining One
Jiyva

Shops:
D:6 (   D:13 [   D:14 !   Orc:2 =?:[:   Snake:1 ?

Annotations:
D:7 4 transporters, mcwallace's ghost, novice DrIE


Innate Abilities, Weirdness & Mutations

You have very sharp teeth.
Your uncanny sense of smell can sniff out nearby items.
Your experience applies equally to all skills.


Message History

You block the nameless horror's attack.
Your unstable footing causes you to fumble your attack.
The salamander hits you but does no damage.
You block the salamander tyrant's attack.
You block the nameless horror's attack. The nameless horror hits you!
* * * LOW HITPOINT WARNING * * *
Your unstable footing causes you to fumble your attack.
The salamander barely misses you.
The salamander tyrant hits you but does no damage.
The nameless horror hits you!
* * * LOW HITPOINT WARNING * * *
You feel your power leaking away.
The nameless horror hits you but does no damage.
You slice the salamander tyrant!!
You kill the salamander tyrant!
You block the salamander's attack.
You slice the salamander!! Your bite misses the salamander.
The salamander is moderately wounded.
The nameless horror hits you but does no damage.
You block the nameless horror's attack.
The salamander hits you with a +0 halberd.
* * * LOW HITPOINT WARNING * * *
You are engulfed in flames.
You resist.
* * * LOW HITPOINT WARNING * * *
Your unstable footing causes you to fumble your attack.
The nameless horror hits you!
* * * LOW HITPOINT WARNING * * *
You feel your power leaking away. The nameless horror hits you!!
* * * LOW HITPOINT WARNING * * *
You slice the salamander!! You bite the salamander.
The salamander is severely wounded.
The salamander is no longer waterlogged.
The salamander hits you but does no damage.
You barely miss the salamander.
The salamander is severely wounded.
The nameless horror hits you but does no damage.
The nameless horror hits you!
You die...
Your body crumbles into a pile of gold.

........)..........#.....#......#
##############.....#'....#.....##
#............#$$....#....#....##
#....#+#######......######....#
#....#...S..##...$...$$.......#
#,,,,*,,,,∆,#'.....$$.$....##.##*
#,,,,*,,,,,,##.$$...$$...#####.#*
#,,,,*,,,,,,*#.X)$......## ###,
+,,,,*,,,,,,,#~X@~)....## **,,
#,,,,*,,,,∆,*#$$$N$....## **,,,
#,,,,*,,,,,,*#$~$).$$)..## **,,,,
#,,,,*,,,,,,*#~....$.)$..#**,,,,,
#,,,,*,,,,,,*##...##...$.#*,,,,,*
,,,,,****+*** #...####..##,,,**,,
####*,#########..$# #..##,,,**,,,
....###...........###..#,,,**,,,,
.....................#.N.N#*,,,,,


You could see a salamander and 2 nameless horrors.

Vanquished Creatures
  A frost giant (D:15)
  A nagaraja (Snake:3)
  Louise (D:15)
  An ogre mage (D:15)
  A catoblepas (Lair:2)
  Fannar (D:12)
  2 salamander tyrants (Snake:4)
  6 anacondas
  A dancing weapon (D:14)
  A death yak (Lair:4)
  3 boulder beetles
  3 centaur warriors (D:15)
  10 naga warriors
  3 tengu warriors
  A deep troll earth mage (D:15)
  8 naga sharpshooters
  6 shock serpents
  A salamander mystic (Snake:1)
  A deep troll (Lair:3)
  An orc knight (Orc:2)
  5 naga ritualists
  3 ugly things
  A deep elf zephyrmancer (Elf:1)
  2 harpies (Lair:2)
  6 mana vipers
  6 deep elf pyromancers
  6 salamanders
  An orc sorcerer (Orc:2)
  2 cyclopes (D:15)
  21 elephants
  3 guardian serpents
  31 black mambas
  Maurice (D:10)
  11 naga magi
  10 cane toads
  A gargoyle (D:13)
  Maggie (D:10)
  A torpor snail (Lair:5)
  Psyche (D:12)
  6 komodo dragons
  3 rime drakes
  An unseen horror (D:12)
  3 polar bears
  2 trolls
  12 blink frogs
  8 slime creatures
  3 vampires
  A centaur simulacrum (D:14)
  A water elemental (D:15)
  An air elemental (Elf:1)
  2 basilisks
  22 yaks
  7 nameless horrors
  12 nagas
  9 water moccasins
  A hornet zombie (D:7)
  An ice beast (D:12)
  10 orc warriors
  A swamp drake (Orc:1)
  A sky beast (D:6)
  2 black bears (Lair:5)
  An ogre (Orc:2)
  12 wolves
  2 phantoms (D:6)
  3 centaurs
  A kobold brigand (D:9)
  8 bullfrogs
  2 necrophages (D:7)
  2 scorpions
  4 wights
  2 killer bees (D:8)
  5 electric eels
  A howler monkey (D:8)
  A crimson imp (Orc:1)
  A bullfrog zombie (D:7)
  2 hounds
  A human zombie (D:7)
  An orc priest (D:6)
  An iron imp (Orc:1)
  A sleepcap (D:4)
  A gnoll bouda (D:7)
  2 iguanas
  8 orc wizards
  Natasha (thrice) (D:2)
  A killer bee zombie (D:7)
  2 mummies (D:7)
  2 howler monkey zombies (D:7)
  2 gnolls
  5 adders
  2 river rats
  A shadow imp (Orc:1)
  3 white imps
  An ufetubus (D:5)
  2 worms
  3 dart slugs
  31 orcs
  4 endoplasms
  4 giant cockroaches
  A goblin (D:3)
  A hobgoblin (D:3)
  9 jackals
  3 quokkas
  7 ball pythons
  3 bats (Sewer)
  3 frilled lizards
  5 kobolds
  3 rats (D:3)
  A spectral orc (D:6)
439 creatures vanquished.

Vanquished Creatures (collateral kills)
  Gastronok (Lair:1)
  An orc warlord (Orc:2)
  A dire elephant (Lair:5)
  A rakshasa (D:15)
  2 fire dragons (D:15)
  An ogre mage (D:15)
  2 centaur warriors (D:15)
  4 hydras
  2 catoblepae
  4 anacondas
  4 dancing weapons
  4 two-headed ogres
  2 naga warriors
  6 death yaks
  3 orc high priests (Orc:2)
  3 naga sharpshooters
  A shock serpent (Snake:1)
  4 skeletal warriors (D:15)
  A salamander mystic (Snake:3)
  A naga ritualist (Snake:3)
  A deep elf archer (Elf:1)
  3 orc knights (Orc:2)
  Pikel (D:8)
  3 deep elf pyromancers (Elf:1)
  3 deep elf zephyrmancers (Elf:1)
  4 mana vipers
  An ugly thing (D:14)
  2 cyclopes
  4 orc sorcerers
  2 elephants
  A faun (shapeshifter) (D:15)
  A manticore (D:15)
  A wolf spider (D:15)
  3 salamanders
  4 naga magi
  11 black mambas
  4 cane toads
  An unseen horror (shapeshifter) (D:15)
  A freezing wraith (D:15)
  An efreet (D:13)
  6 komodo dragons
  2 tengu conjurers (D:15)
  3 rime drakes
  A troll (D:12)
  A hornet (D:15)
  11 blink frogs
  A centaur simulacrum (D:12)
  A spriggan (shapeshifter) (Elf:1)
  A wyvern (Lair:2)
  8 yaks
  3 basilisks
  A golden eye (shapeshifter) (D:14)
  16 nagas
  A warg (Orc:2)
  An acid dragon (D:13)
  7 water moccasins
  A sky beast (D:6)
  2 ice beasts
  12 orc warriors
  3 ogres
  6 wolves (Lair:1)
  8 centaurs
  3 kobold brigands
  3 bullfrogs
  A gnoll sergeant (D:10)
  2 scorpions
  4 wights
  A blink frog simulacrum (Lair:1)
  2 killer bees (D:8)
  A howler monkey (D:12)
  4 jellies
  A gnoll bouda (D:8)
  10 orc priests
  2 water moccasin simulacra (Lair:1)
  Ijyb (D:4)
  Terence (D:2)
  19 orc wizards
  A yak simulacrum (Lair:1)
  9 gnolls
  An adder (D:6)
  A white imp (D:12)
  3 worms
  2 dart slugs
  45 orcs
  5 bats
  4 endoplasms
  2 giant cockroaches
  A hobgoblin (D:1)
  4 jackals
  3 quokkas
  2 ball pythons (Sewer)
  2 frilled lizards (D:1)
  2 goblins
  19 kobolds
  A rat (D:1)
358 creatures vanquished.

Vanquished Creatures (others)
  Jorgrun (D:12)
  The ghost of ShangFenghuang the Grappler, a journeyman TrSh of Okawaru (Lair:1)
  2 hydras
  An ice dragon (Lair:1)
  A centaur warrior (D:15)
  A boulder beetle (D:11)
  An ogre mage (D:15)
  The ghost of hattop the Fighter, a novice DsSh of Gozag (D:10)
  2 two-headed ogres
  A deep troll shaman (Lair:5)
  6 death yaks
  3 naga sharpshooters
  A shock serpent (Snake:2)
  Sonja (D:12)
  2 deep elf knights (Elf:1)
  A mana viper (Snake:4)
  A nameless horror (Elf:1)
  4 elephants
  3 black mambas
  A naga mage (Snake:1)
  An unseen horror (D:10)
  A rime drake (Lair:1)
  2 trolls
  Sigmund (D:5)
  3 slime creatures (D:6)
  An air elemental (Elf:1)
  3 yaks (Lair:1)
  A steam dragon (D:10)
  3 nagas
  2 water moccasins
  A hydra simulacrum (Lair:1)
  An orc warrior (D:9)
  2 ice beasts
  A sky beast (D:7)
  A black bear (Lair:5)
  3 centaurs
  6 wolves
  3 wights (D:8)
  An elephant simulacrum (Lair:1)
  5 killer bees
  A komodo dragon simulacrum (Lair:1)
  A gnoll bouda (D:5)
  2 jellies (D:6)
  2 orc wizards
  3 gnolls
  A white imp (D:12)
  2 orcs (D:9)
  An endoplasm (D:6)
  A kobold (D:9)
91 creatures vanquished.

Grand Total: 888 creatures vanquished

Notes
Turn   | Place    | Note
-------+----------+-------------------------------------------
     0 | D:1      | croobank the Gnoll Summoner began the quest for the Orb.
     0 | D:1      | Reached XP level 1. HP: 13/13 MP: 6/6
   201 | D:1      | Reached XP level 2. HP: 17/19 MP: 5/7
   204 | D:1      | Learned a level 2 spell: Call Imp
   719 | D:1      | Found a faded altar of an unknown god.
  1178 | D:2      | Reached XP level 3. HP: 24/25 MP: 3/9
  1182 | D:2      | Learned a level 3 spell: Call Canine Familiar
  1237 | D:2      | Identified the +0 robe of Cacsuafuhaw {Rampage rPois}
  1253 | D:2      | Got a decrepit book
  1297 | D:2      | Reached skill level 5 in Spellcasting
  1346 | D:2      | Noticed Terence
  1365 | D:2      | Killed Terence
  1366 | D:2      | Reached skill level 1 in Fighting
  1366 | D:2      | Reached skill level 1 in Short Blades
  1366 | D:2      | Reached skill level 1 in Long Blades
  1366 | D:2      | Reached skill level 1 in Axes
  1366 | D:2      | Reached skill level 1 in Maces & Flails
  1366 | D:2      | Reached skill level 1 in Polearms
  1366 | D:2      | Reached skill level 1 in Staves
  1366 | D:2      | Reached skill level 1 in Ranged Weapons
  1366 | D:2      | Reached skill level 1 in Throwing
  1366 | D:2      | Reached skill level 1 in Armour
  1366 | D:2      | Reached skill level 1 in Shields
  1366 | D:2      | Reached skill level 1 in Unarmed Combat
  1366 | D:2      | Reached skill level 1 in Invocations
  1366 | D:2      | Reached skill level 1 in Evocations
  1606 | D:2      | Reached XP level 4. HP: 32/32 MP: 7/11
  1722 | D:2      | Found a shimmering blue altar of Sif Muna.
  1800 | D:2      | Reached skill level 1 in Shapeshifting
  1925 | D:2      | Noticed Natasha
  1927 | D:2      | Identified 2 scrolls of acquirement
  1927 | D:2      | Acquired a +5 vampiric demon blade
  1929 | D:2      | Acquired 774 gold pieces
  1942 | D:2      | Killed Natasha
  1943 | D:2      | Reached skill level 1 in Conjurations
  1943 | D:2      | Reached skill level 1 in Hexes
  1943 | D:2      | Reached skill level 1 in Necromancy
  1943 | D:2      | Reached skill level 1 in Translocations
  1943 | D:2      | Reached skill level 1 in Transmutations
  1943 | D:2      | Reached skill level 1 in Fire Magic
  1943 | D:2      | Reached skill level 1 in Ice Magic
  1943 | D:2      | Reached skill level 1 in Air Magic
  1943 | D:2      | Reached skill level 1 in Earth Magic
  1943 | D:2      | Reached skill level 1 in Poison Magic
  2117 | D:2      | Learned a level 3 spell: Summon Guardian Golem
  2161 | D:3      | Found a sacrificial altar of Ru.
  2161 | D:3      | Found a bloodstained altar of Trog.
  2161 | D:3      | Found an opulent altar of Gozag.
  2167 | D:3      | Became a worshipper of Gozag Ym Sagoz the Greedy
  2240 | D:3      | Found a glowing drain.
  2260 | Sewer    | Entered a sewer
  2408 | Sewer    | Reached XP level 5. HP: 37/37 MP: 6/12
  3522 | D:3      | Found a glowing golden altar of the Shining One.
  3765 | D:3      | Learned a level 4 spell: Summon Lightning Spire
  3993 | D:4      | Reached XP level 6. HP: 44/44 MP: 4/14
  4192 | D:4      | Reached skill level 5 in Dodging
  4268 | D:4      | Noticed Ijyb
  4277 | D:4      | Paralysed by Ijyb for 3 turns
  4288 | D:4      | Killed Ijyb
  4468 | D:4      | Reached XP level 7. HP: 48/50 MP: 11/15
  4729 | D:5      | Entered Level 5 of the Dungeon
  4876 | D:5      | Found a staircase to the Ecumenical Temple.
  4878 | D:5      | You fall into a shaft and drop 1 floor!
  5109 | D:5      | Noticed Sigmund
  5126 | D:5      | Killed Sigmund
  5130 | D:5      | Reached skill level 5 in Stealth
  5746 | D:6      | Reached XP level 8. HP: 57/57 MP: 10/16
  6111 | D:6      | Found Ahoggic's Weapon Boutique.
  6271 | D:6      | Found a basalt altar of Yredelemnul.
  6453 | D:6      | Noticed a slime creature
  6453 | D:6      | Noticed a slime creature
  6453 | D:6      | Noticed a slime creature
  6508 | D:6      | Killed a slime creature
  6589 | D:6      | Killed a slime creature
  6589 | D:6      | Killed a slime creature
  6590 | D:6      | Reached XP level 9. HP: 65/65 MP: 0/18
  7019 | D:6      | Found a shadowy altar of Dithmenos.
  7263 | D:7      | Found a stormy altar of Qazlal.
  7290 | D:7      | Found a transporter.
  7315 | D:7      | Found a snail-covered altar of Cheibriados.
  7528 | D:7      | Reached skill level 5 in Invocations
  7897 | D:7      | Reached XP level 10. HP: 73/73 MP: 12/20
  8079 | D:7      | Found a white marble altar of Elyvilon.
  8112 | D:7      | Found an iron altar of Okawaru.
  8116 | D:7      | Found a transporter.
  8117 | D:7      | Noticed mcwallace's ghost (novice DrIE)
  8119 | D:7      | Noticed a manticore
  8140 | D:7      | Found a transporter.
  8142 | D:7      | Found a transporter.
  8237 | D:7      | Reached skill level 5 in Fighting
  8237 | D:7      | Reached skill level 5 in Short Blades
  8237 | D:7      | Reached skill level 5 in Long Blades
  8237 | D:7      | Reached skill level 5 in Axes
  8237 | D:7      | Reached skill level 5 in Maces & Flails
  8237 | D:7      | Reached skill level 5 in Polearms
  8237 | D:7      | Reached skill level 5 in Staves
  8237 | D:7      | Reached skill level 5 in Ranged Weapons
  8237 | D:7      | Reached skill level 5 in Throwing
  8237 | D:7      | Reached skill level 5 in Armour
  8237 | D:7      | Reached skill level 5 in Shields
  8237 | D:7      | Reached skill level 5 in Unarmed Combat
  8237 | D:7      | Reached skill level 5 in Evocations
  8266 | D:7      | Found an ancient bone altar of Kikubaaqudgha.
  9378 | D:8      | Noticed Pikel
  9384 | D:8      | Killed Pikel
  9385 | D:8      | Reached skill level 5 in Shapeshifting
  9838 | D:8      | Found a sparkling altar of Nemelex Xobeh.
 10111 | D:9      | Found a staircase to the Orcish Mines.
 10284 | D:9      | Noticed a cyclops
 10294 | D:9      | Killed a cyclops
 10719 | D:9      | Found a shimmering altar of Xom.
 10734 | D:9      | Reached XP level 11. HP: 81/81 MP: 19/22
 10741 | D:9      | Reached skill level 5 in Conjurations
 10741 | D:9      | Reached skill level 5 in Hexes
 10741 | D:9      | Reached skill level 5 in Necromancy
 10741 | D:9      | Reached skill level 5 in Translocations
 10741 | D:9      | Reached skill level 5 in Transmutations
 10741 | D:9      | Reached skill level 5 in Fire Magic
 10741 | D:9      | Reached skill level 5 in Ice Magic
 10741 | D:9      | Reached skill level 5 in Air Magic
 10741 | D:9      | Reached skill level 5 in Earth Magic
 10741 | D:9      | Reached skill level 5 in Poison Magic
 11003 | D:10     | Entered Level 10 of the Dungeon
 11301 | D:10     | Noticed a two-headed ogre
 11314 | D:10     | Killed a two-headed ogre
 11646 | D:10     | Noticed a two-headed ogre
 11654 | D:10     | Killed a two-headed ogre
 11725 | D:10     | Noticed a two-headed ogre
 11745 | D:10     | Killed a two-headed ogre
 11868 | D:10     | Noticed Maggie
 11881 | D:10     | Killed Maggie
 12225 | D:10     | Noticed Maurice
 12240 | D:10     | Something stole 374 gold
 12241 | D:10     | Something stole 628 gold
 12243 | D:10     | Killed Maurice
 12401 | D:10     | Found a glowing silver altar of Zin.
 12497 | D:10     | Found a runed translucent door.
 12502 | D:10     | Noticed hattop's ghost (novice DsSh)
 12558 | D:10     | Found a radiant altar of Vehumet.
 12657 | D:10     | Found a staircase to the Lair.
 12716 | D:10     | Killed hattop's ghost
 12975 | D:11     | Noticed a boulder beetle
 13040 | D:11     | Killed a boulder beetle
 13207 | D:11     | Noticed a five-headed hydra
 13217 | D:11     | Killed a five-headed hydra
 13937 | D:12     | Noticed a two-headed ogre
 13946 | D:12     | Killed a two-headed ogre
 13947 | D:12     | Reached XP level 12. HP: 91/91 MP: 10/24
 14038 | D:12     | Noticed Jorgrun
 14051 | D:12     | Killed Jorgrun
 14198 | D:12     | Noticed Fannar
 14209 | D:12     | Killed Fannar
 14456 | D:12     | Noticed Psyche
 14464 | D:12     | Killed Psyche
 14856 | D:12     | Noticed Sonja
 14886 | D:12     | Killed Sonja
 15206 | Lair:1   | Entered Level 1 of the Lair of Beasts
 15564 | Lair:1   | Learned a level 4 spell: Animate Armour
 15616 | Lair:1   | Found a runed translucent gate.
 15619 | Lair:1   | Found a runed translucent gate.
 15619 | Lair:1   | Found a runed translucent gate.
 15954 | Lair:1   | Reached XP level 13. HP: 98/98 MP: 5/26
 16101 | Lair:1   | Noticed ShangFenghuang's ghost (journeyman TrSh)
 16224 | Lair:1   | Reached skill level 10 in Summonings
 16372 | Lair:1   | Noticed an ice dragon
 16864 | Lair:1   | Noticed Gastronok
 16877 | Lair:1   | Killed Gastronok
 17072 | Lair:1   | Killed an ice dragon
 17073 | Lair:1   | Reached skill level 10 in Spellcasting
 17073 | Lair:1   | Killed ShangFenghuang's ghost
 17247 | Lair:1   | Identified the +3 buckler "Dyssia" {rF+ Str+4}
 17318 | Lair:2   | Learned a level 5 spell: Silence
 17323 | Lair:2   | Learned a level 4 spell: Airstrike
 18551 | Lair:2   | Reached skill level 10 in Dodging
 18713 | Lair:2   | Acquired 812 gold pieces
 18858 | Lair:2   | Reached XP level 14. HP: 108/108 MP: 28/28
 18905 | Lair:2   | Found a staircase to the Shoals.
 18930 | Lair:2   | Reached skill level 10 in Stealth
 19299 | Lair:2   | Reached skill level 10 in Invocations
 19809 | Lair:3   | Found a staircase to the Snake Pit.
 19825 | Lair:3   | Found a white marble altar of Elyvilon.
 20895 | Lair:4   | Found a viscous altar of Jiyva.
 20895 | Lair:4   | Found a staircase to the Slime Pits.
 21664 | Lair:5   | Entered Level 5 of the Lair of Beasts
 22023 | Lair:5   | Identified the +3 robe of Articulation {rN+ Stlth+}
 22684 | Lair:5   | Reached XP level 15. HP: 68/115 MP: 30/30
 23046 | Lair:5   | Reached skill level 10 in Fighting
 23046 | Lair:5   | Reached skill level 10 in Short Blades
 23046 | Lair:5   | Reached skill level 10 in Long Blades
 23046 | Lair:5   | Reached skill level 10 in Axes
 23046 | Lair:5   | Reached skill level 10 in Maces & Flails
 23046 | Lair:5   | Reached skill level 10 in Polearms
 23046 | Lair:5   | Reached skill level 10 in Staves
 23046 | Lair:5   | Reached skill level 10 in Ranged Weapons
 23046 | Lair:5   | Reached skill level 10 in Throwing
 23046 | Lair:5   | Reached skill level 10 in Armour
 23046 | Lair:5   | Reached skill level 10 in Shields
 23046 | Lair:5   | Reached skill level 10 in Unarmed Combat
 23046 | Lair:5   | Reached skill level 10 in Evocations
 24460 | D:13     | Learned a level 5 spell: Summon Mana Viper
 24467 | D:13     | Learned a level 6 spell: Summon Cactus Giant
 24583 | D:13     | Found Haida's Dragon-Slaying Spoils.
 25126 | D:14     | Found Kiepp's Distillery.
 25138 | D:14     | Bought a potion of ambrosia for 80 gold pieces
 25138 | D:14     | Bought a potion of resistance for 100 gold pieces
 25509 | Orc:1    | Entered Level 1 of the Orcish Mines
 26319 | Orc:2    | Entered Level 2 of the Orcish Mines
 26454 | Orc:2    | Found Loschau's Book Shoppe.
 26460 | Orc:2    | Bought a book of Spatial Translocations for 270 gold pieces
 26463 | Orc:2    | Learned a level 2 spell: Blink
 26540 | Orc:2    | Noticed an orc warlord
 26558 | Orc:2    | Killed an orc warlord
 26770 | Orc:2    | Found a staircase to the Elven Halls.
 27100 | Orc:2    | Found Guisch's Armour Shop.
 27166 | Orc:2    | Found Rucoafal's Magic Scroll Shoppe.
 27286 | Orc:2    | Bought a scroll of blinking for 97 gold pieces
 27286 | Orc:2    | Bought a scroll of silence for 123 gold pieces
 27334 | Orc:2    | Found Luotextamp's Book Shop.
 27337 | Orc:2    | Found Tuovui Xyus's Jewellery Shoppe.
 27707 | D:13     | Bought +2 swamp dragon scales for 1054 gold pieces
 27998 | Snake:1  | Entered Level 1 of the Snake Pit
 28872 | D:14     | Found a gate to the Vaults.
 29341 | D:15     | Entered Level 15 of the Dungeon
 29414 | D:15     | Reached XP level 16. HP: 75/124 MP: 21/31
 29665 | D:15     | Found a staircase to the Depths.
 29827 | D:15     | Noticed Louise
 29872 | D:15     | Killed Louise
 30097 | D:15     | Found a runed translucent door.
 30182 | D:15     | Reached skill level 10 in Shapeshifting
 31371 | Elf:1    | Entered Level 1 of the Elven Halls
 31395 | Elf:1    | Paralysed by an air elemental for 1 turns
 31613 | Elf:1    | Paralysed by an air elemental for 1 turns
 32586 | D:2      | Noticed Natasha
 32594 | D:2      | Killed Natasha
 32695 | D:2      | Noticed Natasha
 32696 | D:2      | Killed Natasha
 32930 | D:13     | Bought the +5 shadow dragon scales of Vott {+Inv rElec
                  | Stlth++++} for 1999 gold pieces
 34843 | Snake:1  | Found Roghab's Magic Scroll Shop.
 34852 | Snake:1  | Bought a scroll of immolation for 48 gold pieces
 35400 | Snake:1  | Learned a level 3 spell: Mephitic Cloud
 35550 | Snake:1  | Reached XP level 17. HP: 114/131 MP: 33/33
 36483 | Snake:1  | Identified the +6 war axe of Karma {freeze, rPois rC+}
 37435 | Snake:2  | Reached skill level 10 in Conjurations
 37435 | Snake:2  | Reached skill level 10 in Hexes
 37435 | Snake:2  | Reached skill level 10 in Necromancy
 37435 | Snake:2  | Reached skill level 10 in Translocations
 37435 | Snake:2  | Reached skill level 10 in Transmutations
 37435 | Snake:2  | Reached skill level 10 in Fire Magic
 37435 | Snake:2  | Reached skill level 10 in Ice Magic
 37435 | Snake:2  | Reached skill level 10 in Air Magic
 37435 | Snake:2  | Reached skill level 10 in Earth Magic
 37435 | Snake:2  | Reached skill level 10 in Poison Magic
 39196 | Snake:3  | Identified the +1 whip of the Postmodern Mouths {spect,
                  | rPois}
 39636 | Snake:3  | Acquired a ring of positive energy
 41008 | Snake:4  | Entered Level 4 of the Snake Pit
 41939 | Snake:4  | Reached XP level 18. HP: 137/140 MP: 32/35
 41997 | Snake:4  | HP: 2/210 [nameless horror[miscasting Summon Cactus Giant]
                  | (18)]
 41999 | Snake:4  | Slain by a nameless horror

Illustrated notes

Levels and vault maps discovered:
D:1:      dpeg_arrival_oval, layout_basic, shapermc_ecumenical_altar_venn
D:2:      layout_loops_ring, basic_altar, patterned_corridor, uniq_terence,
          uniq_natasha
D:3:      layout_loops_cross, old_standard_altar,
          gammafunk_temple_overflow_forgotten, portal_sewer_entry_e,
          dk_noncrumbling_2, st_stairs_14
D:4:      nicolae_cairo_tiling_large, layout_basic, uniq_ijyb
D:5:      layout_loops_ring, minmay_temple_entry_junction_2,
          hangedman_decor_slide_cut, minmay_misc_feat_plants, uniq_sigmund
D:6:      cheibrodos_fertilizer, layout_rooms,
          yredelemnul_forgotten_temple_becter, grunt_dithmenos_shadows,
          serial_shops, nicolae_shop_bloodbath_and_beyond,
          kennysheep_generic_room_15
D:7:      gammafunk_steamed_eel, layout_basic, okawaru_trees_2,
          nicolae_overflow_crystal_walls, lemuel_mausoleum_altar_kikubaaqudgha,
          lemuel_crystal_altar, mainiacjoe_overflow_catwalk,
          gammafunk_ghost_arena, st_stairs_11
D:8:      layout_loops_corners, amcnicky_altar_gilded, uniq_pikel
D:9:      layout_roguey, mainiacjoe_overflow_24_doors,
          minmay_orc_entry_temple_small
D:10:     layout_stronghold, mainiacjoe_overflow_tiny_flanked,
          kennysheep_mini_moat, lair_entry_dummy, gammafunk_ghost_grave,
          kennysheep_boxes, uniq_maggie, uniq_maurice
D:11:     layout_basic
D:12:     layout_roguey, serial_ice, serial_ice_e, serial_ice_n, serial_ice_m,
          serial_ice_c, uniq_fannar, uniq_jorgrun, uniq_sonja, uniq_psyche
D:13:     layout_basic, nicolae_shop_dragon_depot
D:14:     layout_layer_cave, erik_vaults_1, serial_shops, shop, nicolae_titane,
          chequers_serial_rivers_small_3
D:15:     hellmonk_depths_entry_around_the_bend, layout_basic,
          nicolae_figureground_pulse, serial_curves, eino_curves_03,
          eino_curves_02, eino_curves_01, eino_curves_03, lightli_airlock,
          uniq_louise
Lair:1:   beast_lair_carwin_large_2, layout_cave_pods, gammafunk_ghost_icy,
          st_stairs_6, uniq_gastronok
Lair:2:   layout_regular_city, nicolae_shoals_entry_roost
Lair:3:   dreamdust_cave_troll, layout_loops_ring,
          minmay_snake_entry_guardpost_medium, basic_altar,
          chequers_serial_rivers_room_a
Lair:4:   layout_hall_layers, slime_entry_1
Lair:5:   grunt_lair_end_beastmaster, layout_layer_cave, serial_bayou,
          serial_bayou_pond_a, serial_bayou_pond_e, serial_bayou_pond_a,
          serial_bayou_lagoon_b, minmay_stone_trees_small,
          pdpol_lair_cavern_descent, serial_bayou_shore_a
Snake:1:  kennysheep_snake, layout_onion_interference, serial_shops, shop,
          nicolae_snake_salamander_stairs
Snake:2:  layout_layer_cave, st_stairs_7
Snake:3:  layout_basic
Snake:4:  johnstein_snake_rune_scales, layout_cave_town
Orc:1:    layout_diamond_mine, basic_altar, hangedman_minor_magic
Orc:2:    st_orc_elflike, layout_diamond_mine, serial_shops, shop, mines1_david
Elf:1:    minmay_elf_arrival_summoners, layout_loops_corners,
          nicolae_trove_entry_free_sample, serial_shops,
          nicolae_shop_tiny_waterfront, minivault_28

Skill      XL: |  1  2  3  4  5  6  7  8  9 10 11 12 13 14 15 16 17 |
---------------+----------------------------------------------------+-----
Spellcasting   | 5 6 7 8 9 10 11 12 13 | 13.2
Fighting       | 1 2 4 5 7 8 9 10 11 12 | 12.3
Short Blades   | 1 2 4 5 7 8 9 10 11 12 | 12.3
Long Blades    | 1 2 4 5 7 8 9 10 11 12 | 12.3
Axes           | 1 2 4 5 7 8 9 10 11 12 | 12.3
Maces & Flails | 1 2 4 5 7 8 9 10 11 12 | 12.3
Polearms       | 1 2 4 5 7 8 9 10 11 12 | 12.3
Staves         | 1 2 4 5 7 8 9 10 11 12 | 12.3
Ranged Weapons | 1 2 4 5 7 8 9 10 11 12 | 12.3
Throwing       | 1 2 4 5 7 8 9 10 11 12 | 12.3
Armour         | 1 2 4 5 7 8 9 10 11 12 | 12.3
Shields        | 1 2 4 5 7 8 9 10 11 12 | 12.3
Unarmed Combat | 1 2 4 5 7 8 9 10 11 12 | 12.3
Invocations    | 1 2 3 4 5 6 7 8 9 10 11 12 13 | 13.3
Evocations     | 1 2 4 5 7 8 9 10 11 12 | 12.3
Shapeshifting  | 1 2 3 4 5 6 7 8 9 10 11 | 11.3
Conjurations   | 1 2 3 4 5 6 7 8 9 10 | 10.4
Hexes          | 1 2 3 4 5 6 7 8 9 10 | 10.4
Necromancy     | 1 2 3 4 5 6 7 8 9 10 | 10.4
Translocations | 1 2 3 4 5 6 7 8 9 10 | 10.4
Transmutations | 1 2 3 4 5 6 7 8 9 10 | 10.4
Fire Magic     | 1 2 3 4 5 6 7 8 9 10 | 10.4
Ice Magic      | 1 2 3 4 5 6 7 8 9 10 | 10.4
Air Magic      | 1 2 3 4 5 6 7 8 9 10 | 10.4
Earth Magic    | 1 2 3 4 5 6 7 8 9 10 | 10.4
Poison Magic   | 1 2 3 4 5 6 7 8 9 10 | 10.4
Dodging        | 5 6 7 8 9 10 11 12 13 | 13.0
Stealth        | 5 6 7 8 9 10 11 12 | 12.9
Summonings     | 8 9 10 11 12 | 12.5

Action                     |  1- 3 |  4- 6 |  7- 9 | 10-12 | 13-15 | 16-18 || total
---------------------------+-------+-------+-------+-------+-------+-------++-------
  Melee: Unarmed           |     9 |       |       |       |       |       ||     9
         Bite              |     8 |     3 |    10 |    46 |    83 |    69 ||   219
         Short sword       |    32 |       |       |       |       |       ||    32
         Club              |     9 |       |       |       |       |       ||     9
         Demon blade       |       |   112 |    90 |   303 |   588 |   428 ||  1521
         Dagger            |       |     3 |       |     2 |     4 |    76 ||    85
         Punch             |       |     5 |     1 |     3 |       |       ||     9
         Scimitar          |       |       |       |       |    16 |       ||    16
  Throw: Dart              |       |       |       |       |     2 |     2 ||     4
   Cast: Summon Small Mamm |    22 |     5 |     8 |     6 |    26 |    13 ||    80
         Call Imp          |    12 |     8 |     8 |    17 |    28 |    12 ||    85
         Call Canine Famil |     6 |    12 |    23 |    38 |    56 |    29 ||   164
         Summon Lightning  |       |     2 |    22 |    43 |    88 |    57 ||   212
         Summon Guardian G |       |     2 |    17 |    35 |    47 |    23 ||   124
         Summon Cactus Gia |       |       |       |       |    19 |    27 ||    46
         Summon Mana Viper |       |       |       |       |    11 |    16 ||    27
         Airstrike         |       |       |       |       |       |     4 ||     4
         Mephitic Cloud    |       |       |       |       |       |     2 ||     2
         Blink             |       |       |       |       |       |     1 ||     1
 Invoke: Potion Petition   |       |       |       |       |       |     1 ||     1
  Evoke: Wand              |       |       |     2 |     1 |    13 |     7 ||    23
         Sack of spiders   |       |       |       |       |       |     1 ||     1
         Phial of floods   |       |       |       |       |       |     1 ||     1
    Use: Scroll            |       |     9 |     4 |    20 |    13 |     6 ||    52
         Potion            |       |       |       |     4 |     7 |     1 ||    12
   Stab: Sleeping          |     2 |    13 |     3 |    16 |    11 |    36 ||    81
         Distracted        |       |       |     2 |     1 |    19 |     8 ||    30
         Betrayed ally     |       |       |       |     1 |       |       ||     1
         Petrified         |       |       |       |       |     1 |       ||     1
         Confused          |       |       |       |       |       |     3 ||     3
         Invisible         |       |       |       |       |       |     2 ||     2
 Armour: Robe              |    36 |    67 |    74 |   143 |   233 |       ||   553
         Swamp dragon scal |       |       |       |       |    66 |   115 ||   181
         Shadow dragon sca |       |       |       |       |       |   477 ||   477
  Dodge: Dodged            |    47 |    88 |   101 |   299 |   473 |   279 ||  1287
  Block: Buckler           |       |       |       |    60 |   288 |   250 ||   598
         Reflection        |       |       |       |       |       |    11 ||    11

Table legend: (Time is in decaauts)
 A = Elapsed time spent in this place.
 B = Non-inter-level travel time spent in this place.
 C = Inter-level travel time spent in this place.
 D = Time resting spent in this place.
 E = Time spent auto-exploring this place.
 F = Levels seen in this place.
 G = Mean time per level.
                   A        B        C        D        E       F      G
               +--------+--------+--------+--------+--------+-----+--------+
         Total |  42391 |  39225 |   3166 |  10026 |  18525 |  28 | 1514.0 |
       Dungeon |  19771 |  17770 |   2001 |   3200 |  10056 |  15 | 1318.1 |
          Lair |  10528 |   9786 |    742 |   2533 |   4575 |   5 | 2105.6 |
     Snake Pit |   7690 |   7516 |    174 |   3111 |   2195 |   4 | 1922.5 |
  Orcish Mines |   2738 |   2490 |    248 |    925 |    816 |   2 | 1369.0 |
   Elven Halls |    501 |    501 |      0 |    157 |     26 |   1 |  501.0 |
         Sewer |   1161 |   1161 |      0 |    100 |    857 |   1 | 1161.0 |
               +--------+--------+--------+--------+--------+-----+--------+

Top non-repeatable levels by time:
  Lair:1: 2949 daAuts
  Lair:5: 2731 daAuts
 Snake:1: 2609 daAuts
 Snake:3: 2296 daAuts
  Lair:3: 2246 daAuts
    D:10: 2157 daAuts
    D:15: 1902 daAuts
 Snake:2: 1796 daAuts
   Orc:2: 1730 daAuts
     D:7: 1584 daAuts
     D:6: 1570 daAuts
  Lair:2: 1469 daAuts
    D:14: 1446 daAuts
    D:12: 1299 daAuts
     D:8: 1291 daAuts
